 Dungeon Crawl Stone Soup version 0.25.1-8-g42b30a86e7 (webtiles) character file.

Game seed: 10499602063530372939

5884 Abzac the Frost Mage (level 10, -14/44 HPs)
             Began as a Vine Stalker Ice Elementalist on Dec 20, 2020.
             Demolished by a red ugly thing (30 damage)
             ... on level 9 of the Dungeon.
             The game lasted 00:52:13 (14390 turns).

Abzac the Frost Mage (VSIE)                        Turns: 14390, Time: 00:52:13

Health: -14/44     AC:  7    Str: 12    XL:     10   Next: 82%
Magic:  0/18       EV: 12    Int: 17    God:
Gold:   325        SH:  0    Dex: 13    Spells: 4/19 levels left

rFire    x . .     SeeInvis .   (no weapon)
rCold    . . .     Gourm    .   (no shield)
rNeg     + . .     Faith    .   a - +0 robe
rPois    .         Spirit   +   (helmet restricted)
rElec    +         Reflect  .   u - +1 cloak "Pephiff" {rElec rF- rCorr Slay+3 Stlth+}
rCorr    +         Harm     .   e - +0 pair of gloves
MR       +....                  (no boots)
Stlth    +++.......             (no amulet)
HPRegen  0.94/turn              b - ring of wizardry
MPRegen  0.16/turn              s - ring of positive energy (curse)

@: no status effects
A: antennae 1, fangs 3, yellow scales 1, clumsy 1, regeneration 2, magic shield,
antimagic bite, no potion heal 3, rot immunity
a: no special abilities


You were on level 9 of the Dungeon.
You were not hungry.

You visited 2 branches of the dungeon, and saw 10 of its levels.

You collected 572 gold pieces.
You spent 247 gold pieces at shops.

Inventory:

Armour
 a - a +0 robe (worn)
 e - a +0 pair of gloves (worn)
 r - a +2 helmet
 u - the +1 cloak "Pephiff" (worn) {rElec rF- rCorr Slay+3 Stlth+}
   (You bought it in a shop on level 4 of the Dungeon)

   It affects your accuracy and damage with ranged weapons and melee attacks
   (+3).
   It makes you vulnerable to fire.
   It insulates you from electricity.
   It provides partial protection from all sources of acid and corrosion.
   It makes you more stealthy.
 A - a +0 pair of boots
Jewellery
 b - a ring of wizardry (left hand)
 h - a +4 ring of protection
 k - an uncursed ring of fire
 s - a cursed ring of positive energy (right hand)
 t - an uncursed ring of flight
 y - an uncursed ring of positive energy
Wands
 j - a wand of disintegration (12)
 l - a wand of acid (8)
 z - a wand of flame (21)
 B - a wand of random effects (46)
Scrolls
 f - a scroll of enchant armour {unknown}
 g - 3 scrolls of fear
 i - 3 scrolls of remove curse
 w - a scroll of identify
 x - a scroll of teleportation
 D - a scroll of blinking {unknown}
Potions
 d - a potion of stabbing
 m - a potion of lignification
 n - a potion of brilliance
 o - 5 potions of curing
 p - a potion of berserk rage
 q - a potion of might
 v - a potion of mutation
Comestibles
 c - 9 rations
 C - 15 chunks of flesh


   Skills:
 - Level 1.5 Dodging
 - Level 2.4 Stealth
 + Level 5.1 Spellcasting
 - Level 7.4 Conjurations
 - Level 4.2 Charms
 - Level 4.2 Summonings
 * Level 12.0 Ice Magic


You had 4 spell levels left.
You knew the following spells:

 Your Spells              Type           Power        Failure   Level  Hunger
a - Freeze                Ice            ####         1%          1    None
b - Frozen Ramparts       Ice            #####.       1%          3    ###....
c - Ozocubu's Armour      Chrm/Ice       ####....     1%          3    ###....
d - Summon Ice Beast      Ice/Summ       ####....     1%          4    ####...
e - Hailstorm             Conj/Ice       #####...     1%          4    ####...

Your spell library contained the following spells:

 Spells                   Type           Power        Failure   Level  Hunger
 Confusing Touch          Hex            #.......     16%         3    ###....
 Gell's Gravitas          Tloc           #.........   16%         3    ###....
 Petrify                  Tmut/Erth      #.......     45%         4    ####...
 Metabolic Englaciation   Hex/Ice        ###.......   13%         5    ######.
 Yara's Violent Unravell  Hex/Tmut       #.........   80%         5    ######.


Dungeon Overview and Level Annotations

Branches:
Dungeon (9/15)               Lair (1/6) D:8
 Temple: D:4-7          Orc: D:9-12

Altars:
Ashenzari
Dithmenos
Fedhas
Makhleb
Nemelex Xobeh
Wu Jian

Shops:
D:4 [   D:9 ?

Annotations:
D:3 Grinder
Lair:1 Fannar


Innate Abilities, Weirdness & Mutations

You have razor-sharp teeth.
You heal very quickly.
When hurt, damage is shared between your health and your magic reserves.
Your bite disrupts and absorbs the magic of your enemies.
Potions cannot restore your health.
You are immune to rotting.
You have a pair of small antennae on your head.
You are partially covered in yellow scales. (AC +2)
You are clumsy. (Dex -2)


Message History

The wall freezes the red ugly thing!
The wall freezes the red ugly thing.
The red ugly thing headbutts you.
You are engulfed in flames!!
The fire burns you terribly!
The wall freezes the red ugly thing.
Casting: Frozen Ramparts (safe; 1% risk of failure)
Confirm with . or Enter, or press ? or * to list all spells.
A film of ice covers your body!
The wall freezes the red ugly thing!
The red ugly thing headbutts you!
You are engulfed in flames!!
The fire burns you terribly!
* * * LOW HITPOINT WARNING * * *
The heat melts your icy armour.
Your icy armour cracks and falls away as you move.
The wall freezes the red ugly thing!
The wall freezes the red ugly thing.
The red ugly thing completely misses you.
The frozen ramparts melt away.
The red ugly thing headbutts you.
You are engulfed in flames!!
The fire burns you terribly!
Ouch! That really hurt!
You die...

## .## ..## #§.# §#.# §§.########
###### .#........#
#############..... ####.....|####
#..........##.....
####.........###@u........##.....
..##......##.÷..÷......)...#.....
#.........######..........÷.)....
####(.....# #..........##†....
#####.## #..........##..... #.#
#..........##..... #.#
#########.###..... #.# #......#
###### #.# ####'######


You could see a red ugly thing.

Vanquished Creatures
  Maggie (D:9)
  A komodo dragon (Lair:1)
  12 yaks
  A hungry ghost (D:7)
  Edmund (D:6)
  2 water moccasins (Lair:1)
  2 porcupines
  An orc warrior (D:6)
  An ice beast (D:7)
  A phantom (D:8)
  4 sky beasts
  3 wolves (Lair:1)
  A centaur (D:8)
  2 crocodiles
  2 bullfrogs
  A water moccasin zombie (D:6)
  5 scorpions
  A water moccasin skeleton (D:8)
  3 killer bees (D:7)
  3 wights
  A howler monkey (D:6)
  A crimson imp (D:8)
  A jelly (D:4)
  2 hounds (D:5)
  6 orc wizards
  4 orc priests
  2 bullfrog skeletons (D:5)
  Ijyb (D:5)
  Terence (D:3)
  3 worker ants
  2 hound skeletons
  Robin (D:4)
  9 adders
  A shadow imp (D:9)
  An adder skeleton (D:4)
  4 worms
  3 dart slugs
  14 orcs
  8 bats
  2 giant cockroaches
  12 goblins
  14 hobgoblins
  19 jackals
  3 quokkas
  7 frilled lizards
  6 kobolds
  2 leopard gecko skeletons (D:4)
  8 rats
186 creatures vanquished.

Vanquished Creatures (collateral kills)
  A troll (D:8)
  A hungry ghost (D:7)
  A sky beast (D:8)
  3 bullfrogs (D:8)
  A wight (D:7)
  A hound (D:7)
  An adder (D:7)
  An orc (D:8)
  A leopard gecko zombie (D:7)
11 creatures vanquished.

Vanquished Creatures (others)
  25 fungi (D:8)
  9 plants (D:8)
34 creatures vanquished.

Grand Total: 231 creatures vanquished

Notes
Turn   | Place    | Note
-------+----------+-------------------------------------------
     0 | D:1      | Abzac the Vine Stalker Ice Elementalist began the quest for
                  | the Orb.
     0 | D:1      | Reached XP level 1. HP: 9/9 MP: 4/4
   439 | D:1      | Reached XP level 2. HP: 10/13 MP: 2/6
  1654 | D:2      | Reached XP level 3. HP: 16/16 MP: 6/8
  1659 | D:2      | Learned a level 3 spell: Frozen Ramparts
  1769 | D:2      | Learned a level 3 spell: Frozen Ramparts
  1813 | D:2      | Found a faded altar of an unknown god.
  2216 | D:2      | Gained mutation: Your natural rate of healing is unusually
                  | fast. [Vine Stalker growth]
  2216 | D:2      | Reached XP level 4. HP: 20/21 MP: 6/10
  2478 | D:2      | Reached skill level 5 in Ice Magic
  3066 | D:3      | Reached XP level 5. HP: 24/24 MP: 5/11
  3362 | D:3      | Found an ornate altar of the Wu Jian Council.
  3498 | D:3      | Noticed Terence
  3512 | D:3      | Killed Terence
  3590 | D:3      | Noticed Grinder
  3609 | D:4      | Noticed Robin
  3652 | D:4      | Killed Robin
  3754 | D:4      | Reached skill level 6 in Ice Magic
  3754 | D:4      | Reached XP level 6. HP: 28/28 MP: 9/13
  3759 | D:4      | Learned a level 3 spell: Ozocubu's Armour
  4318 | D:4      | Reached skill level 1 in Charms
  4411 | D:4      | Found Javodgh's Antique Armour Emporium.
  4433 | D:4      | Bought an encrusted cloak for 247 gold pieces
  4433 | D:4      | Identified the +1 cloak "Pephiff" {rElec rF- rCorr Slay+3
                  | Stlth+} (You bought it in a shop on level 4 of the Dungeon)
  4983 | D:5      | Entered Level 5 of the Dungeon
  4983 | D:5      | Noticed Ijyb
  5066 | D:5      | Noticed a phantom
  5072 | D:5      | Killed Ijyb
  5072 | D:5      | Reached skill level 7 in Ice Magic
  5072 | D:5      | Reached XP level 7. HP: 12/32 MP: 4/14
  5522 | D:6      | Noticed Edmund
  5606 | D:6      | Reached skill level 8 in Ice Magic
  5640 | D:6      | Gained mutation: You have razor-sharp teeth. [Vine Stalker
                  | growth]
  5640 | D:6      | Reached XP level 8. HP: 29/36 MP: 6/15
  5749 | D:6      | Killed Edmund
  5843 | D:5      | Reached skill level 9 in Ice Magic
  6096 | D:6      | Learned a level 4 spell: Summon Ice Beast
  6373 | D:8      | Reached skill level 1 in Summonings
  6617 | D:8      | Noticed a troll
  6639 | D:8      | Killed a troll
  6639 | D:8      | Reached XP level 9. HP: 39/39 MP: 6/16
  6651 | D:8      | Reached skill level 10 in Ice Magic
  6870 | D:7      | Found a burning altar of Makhleb.
  6905 | D:7      | Learned a level 4 spell: Hailstorm
  6928 | D:7      | Reached skill level 1 in Conjurations
  6960 | D:7      | Found a sparkling altar of Nemelex Xobeh.
  7908 | D:7      | Gained mutation: You are partially covered in yellow
                  | scales. (AC +2) [potion of mutation]
  7908 | D:7      | Gained mutation: You are clumsy. (Dex -2) [potion of
                  | mutation]
  7908 | D:7      | Gained mutation: You expend magic power (3 MP) to
                  | strengthen your wands. [potion of mutation]
 12346 | D:8      | Found a staircase to the Lair.
 12474 | D:8      | Found a shattered altar of Ashenzari.
 12474 | D:8      | Found a blossoming altar of Fedhas.
 12496 | D:8      | Lost mutation: You expend magic power (3 MP) to strengthen
                  | your wands. [potion of mutation]
 12496 | D:8      | Gained mutation: You heal very quickly. [potion of
                  | mutation]
 12496 | D:8      | Gained mutation: You have a pair of small antennae on your
                  | head. [potion of mutation]
 12575 | Lair:1   | Entered Level 1 of the Lair of Beasts
 12830 | Lair:1   | Reached skill level 5 in Conjurations
 12995 | Lair:1   | Reached XP level 10. HP: 28/44 MP: 7/17
 13183 | Lair:1   | Reached skill level 11 in Ice Magic
 13619 | Lair:1   | Noticed Fannar
 13999 | D:9      | Found a shadowy altar of Dithmenos.
 14086 | D:9      | Noticed Maggie
 14098 | D:9      | Killed Maggie
 14164 | D:9      | Found Halos's Magic Scroll Shoppe.
 14217 | D:9      | Reached skill level 5 in Spellcasting
 14217 | D:9      | Reached skill level 12 in Ice Magic
 14363 | D:9      | Noticed a red ugly thing
 14390 | D:9      | Demolished by a red ugly thing

Illustrated notes

Levels and vault maps discovered:
D:1:      psy_arrival_radial02, layout_basic
D:2:      minmay_razor_zed, layout_basic, chequers_ecumenical_altar_twisty
D:3:      layout_loops_ring, lemuel_round_altar, uniq_sigmund, uniq_terence,
          uniq_grinder
D:4:      layout_loops_ring, serial_shops, shop_coins, first_ration,
          nrook_uturn, uniq_robin
D:5:      layout_basic, elyvilon_altar_3, grunt_ministairs_7, uniq_ijyb
D:6:      layout_rooms, temple_green, uniq_edmund
D:7:      layout_gridville, bloody_makhleb, basic_altar, kennysheep_another_room
D:8:      layout_cave_pools, gammafunk_temple_overflow_wave,
          due_lair_maze_entry_diamond
D:9:      layout_roguey, tgw_trog, grunt_dithmenos_smoke_and_mirrors,
          serial_shops, shop, uniq_maggie, uniq_gastronok, uniq_erica
Lair:1:   layout_regular_city, hibernation_bobbens, grunt_megastairs_5,
          infiniplex_staircase_pool, uniq_fannar

Skill      XL: |  1  2  3  4  5  6  7  8  9 10 |
---------------+-------------------------------+-----
Spellcasting   | 3 4 5 |  5.1
Ice Magic      | 5 6 7 8 9 10 12 | 12.0
Charms         | 1 3 4 |  4.2
Summonings     | 3 4 |  4.2
Conjurations   | 5 7 |  7.4
Dodging        | |  1.5
Stealth        | |  2.4

Action                   |  1- 3 |  4- 6 |  7- 9 | 10-12 || total
-------------------------+-------+-------+-------+-------++-------
Melee: Unarmed           |     3 |     5 |   131 |    14 ||   153
       Bite              |     1 |     2 |    42 |     2 ||    47
 Cast: Freeze            |    55 |   106 |    44 |    20 ||   225
       Frozen Ramparts   |     3 |    11 |    33 |    11 ||    58
       Ozocubu's Armour  |       |     2 |     3 |     1 ||     6
       Summon Ice Beast  |       |       |    11 |     3 ||    14
       Hailstorm         |       |       |       |     9 ||     9
  Use: Scroll            |     5 |     4 |     3 |       ||    12
       Potion            |       |       |     8 |       ||     8
  Eat: Chunk             |     4 |     6 |    11 |       ||    21
       Ration            |       |     2 |     8 |     2 ||    12
Armor: Robe              |    15 |    37 |   146 |    16 ||   214
Dodge: Dodged            |    35 |   100 |   154 |    26 ||   315
